 Dungeon Crawl Stone Soup version 0.22-a0-231-g1b571ea (webtiles) character file.

112 Gorglomux the Chopper (level 4, 0/36 HPs)
             Began as a Minotaur Wanderer on Feb 20, 2018.
             Slain by a shadow imp (2 damage)
             ... on level 3 of the Dungeon.
             The game lasted 00:03:14 (2404 turns).

Gorglomux the Chopper (Minotaur Wanderer)           Turns: 2404, Time: 00:03:15

Health: 0/36       AC:  5    Str: 16    XL:     4   Next: 64%
Magic:  5/5        EV: 12    Int: 11    God:
Gold:   180        SH:  0    Dex:  9    Spells: 7/7 levels left

rFire    . . .     SeeInvis .   U - +0 hand axe
rCold    . . .     Gourm    .   (no shield)
rNeg     . . .     Faith    .   R - +0 leather armour
rPois    .         Spirit   .   (helmet restricted)
rElec    .         Reflect  .   (no cloak)
rCorr    .         Harm     .   (no gloves)
MR       .....                  (no boots)
Stlth    +.........             (no amulet)
HPRegen  0.12/turn              (no ring)
MPRegen  0.09/turn              (no ring)

@: no status effects
A: retaliatory headbutt, horns 2, yellow scales 1, low mp 1
a: no special abilities


You were on level 3 of the Dungeon.
You were not hungry.

You visited 1 branch of the dungeon, and saw 3 of its levels.

You collected 180 gold pieces.

Inventory:

Hand Weapons
 e - a +0 club
 U - a +0 hand axe (weapon)
 V - a +0 whip
Armour
 R - a +0 leather armour (worn)
Wands
 P - a wand of paralysis (13)
Scrolls
 M - a scroll of immolation {unknown}
 O - a scroll of teleportation {unknown}
 Q - a scroll of fog {unknown}
 S - a scroll of blinking {unknown}
 T - a scroll of enchant weapon {unknown}
 W - 3 scrolls of identify {unknown}
 Y - a scroll of amnesia {unknown}
 Z - 2 scrolls of remove curse {unknown}
Potions
 N - a potion of brilliance {unknown}
 X - a potion of resistance {unknown}
Comestibles
 b - 6 rations
 L - 3 chunks of flesh


   Skills:
 - Level 2.2 Fighting
 + Level 2.7 Axes
 - Level 2.3 Armour
 - Level 2.0 Dodging
   Level 1.2 Shields
 - Level 2.1 Spellcasting
   Level 1.0 Hexes
   Level 2.4 Transmutations
   Level 1.0 Air Magic
 - Level 1.0 Evocations


You had 7 spell levels left.
You didn't know any spells.

Dungeon Overview and Level Annotations

Branches:
Dungeon (3/15)

Altars:


Innate Abilities, Weirdness & Mutations

You reflexively headbutt those who attack you in melee.
You have a pair of horns on your head.
You are partially covered in yellow scales. (AC +2)
Your magical capacity is low. (-10% MP)


Message History

Terence butts you but does no damage!
You open Terence like a pillowcase!!!
You annihilate Terence!!!
Your Butts skill increases to level 2!!!
The shadow imp barely misses you!
You closely miss the shadow imp!
The shadow imp is moderately wounded!
The shadow imp barely misses you!
You barely miss the shadow imp!
The shadow imp is butt-ly wounded!
The butt imp gestures at you!
Butt shoots through your butt!!! * * * don't die
* * * You closely miss the shadow imp!
The shadow imp is moderately wounded!
The shadow imp barely misses you!
You completely butts the shadow imp!
The shadow imp is moderately wounded!
The shadow imp hits you! rip

######## .# #...
#####......###.###....
###...#.................
......................
###...#..............
#...#............#
###...#.........#†.#
...........##...@#
(.............##5#
.........####.#.......#
≈........# #.#........#
.≈.......## #.#.###.....
.≈..≈≈...≈###.#. .....
≈..≈..≈..≈≈##.## ####
≈.⌠≈..≈..≈≈##..
..≈⌠.≈...≈≈##.#


You could see a shadow imp.

Vanquished Creatures
  Terence (D:3)
  4 adders
  An ooze (D:2)
  2 dart slugs
  4 leopard geckos
  2 ball pythons
  2 giant cockroaches (D:2)
  6 goblins
  7 hobgoblins
  3 bats
  3 kobolds (D:2)
  3 rats
38 creatures vanquished.

Notes
Turn   | Place    | Note
-------+----------+-------------------------------------------
     0 | D:1      | Gorglomux the Minotaur Wanderer began the quest for the Orb.
     0 | D:1      | Gorglomux set off with: a ration, a +0 robe, a +0 club, a wand of paralysis (15)
     0 | D:1      | Reached XP level 1. HP: 14/14 MP: 2/2
   562 | D:1      | Reached skill level 1 in Fighting
   562 | D:1      | Reached skill level 1 in Armour
   562 | D:1      | Reached XP level 2. HP: 17/23 MP: 4/4
   563 | D:1      | Reached skill level 1 in Dodging
   734 | D:1      | You fall through a shaft!
   887 | D:2      | Gained mutation: Your magical capacity is low. (-10% MP) [potion of mutation]
   887 | D:2      | Gained mutation: You are partially covered in yellow scales. (AC +2) [potion of mutation]
   894 | D:2      | Reached XP level 3. HP: 16/29 MP: 4/4
  2191 | D:3      | Reached skill level 1 in Axes
  2191 | D:3      | Reached XP level 4. HP: 33/36 MP: 5/5
  2374 | D:3      | Noticed Terence
  2400 | D:3      | Killed Terence
  2404 | D:3      | Slain by a shadow imp

Vault maps used:
D:1:      elethiomel_arrival_maze
D:2:      first_ration
D:3:      cheibrodos_helix_gallery, lemuel_doored_altar,
          nicolae_ashenzari_panopticon, uniq_terence

Skill      XL: |  1  2  3  4 |
---------------+-------------+-----
Fighting       | 1 2 |  2.2
Armour         | 1 2 |  2.3
Dodging        | 1 2 |  2.0
Axes           | 1 2 |  2.7
Shields        | |  1.2
Spellcasting   | |  2.1
Hexes          | |  1.0
Transmutations | |  2.4
Air Magic      | |  1.0
Evocations     | |  1.0

Action                   |  1- 3 |  4- 6 || total
-------------------------+-------+-------++-------
Melee: Whip              |    88 |       ||    88
       Club              |     3 |       ||     3
       Headbutt          |    11 |     3 ||    14
       Hand axe          |    10 |    33 ||    43
Evoke: Wand              |     2 |       ||     2
  Use: Potion            |     2 |       ||     2
 Stab: Paralysed         |     4 |       ||     4
  Eat: Chunk             |     4 |     1 ||     5
Armor: Leather armour    |    36 |     8 ||    44
Dodge: Dodged            |    72 |    26 ||    98

Table legend:
 A = Spawn XP
 B = Non-spawn XP
 C = Spawn XP percentage of total XP
 D = Spawn monster count
 E = Non-spawn monster count
 F = Spawn count percentage of total count
 G = Total turns spent on level
                    A         B        C        D         E        F      G
               +---------+---------+-------+---------+---------+-------+---------
         Total |       0 |     161 |   0.0 |       0 |      38 |   0.0 |  2404
               +---------+---------+-------+---------+---------+-------+---------
           D:1 |       0 |      14 |   0.0 |       0 |       7 |   0.0 |   900
           D:2 |       0 |      72 |   0.0 |       0 |      21 |   0.0 |  1191
           D:3 |       0 |      75 |   0.0 |       0 |      10 |   0.0 |   313
               +---------+---------+-------+---------+---------+-------+---------
